 Dungeon Crawl Stone Soup version 0.29.1-14-g9c671dbff4 (webtiles) character file.

Game seed: 7046191746703364153

1655 leafyfresh the Covert (level 9, -2/73 HPs)
             Began as a Gnoll Delver on Feb 15, 2023.
             Slain by a sky beast (6 damage)
             ... on level 6 of the Dungeon.
             The game lasted 00:11:21 (7138 turns).

leafyfresh the Covert (Gnoll Delver)                Turns: 7138, Time: 00:11:22

Health: -2/73      AC:  4    Str: 13    XL:     9   Next: 0%
Magic:  14/14      EV: 19    Int:  9    God:
Gold:   257        SH:  0    Dex: 17    Spells: 15/15 levels left

rFire   . . .      SeeInvis .   E - +1 short sword (elec)
rCold   . . .      Faith    .   (no shield)
rNeg    . . .      Spirit   .   b - +0 leather armour
rPois   .          Reflect  .   (no helmet)
rElec   .          Harm     .   J - +0 cloak
rCorr   .          Rampage  .   (no gloves)
Will    .....                   (no boots)
Stlth   ++++......              (no amulet)
HPRegen 0.22/turn               A - +4 ring of evasion
MPRegen 0.14/turn               j - ring of flight

@: about to teleport, flying
A: fangs 1, strong nose, distributed training
a: no special abilities


You were on level 6 of the Dungeon.
You visited 1 branch of the dungeon, and saw 6 of its levels.

You collected 257 gold pieces.

Inventory:

Hand Weapons
 a - a +0 short sword
 n - a +0 dagger
 z - a +0 whip of freezing
 E - a +1 short sword of electrocution (weapon)
Missiles
 h - 16 javelins (quivered)
 u - a throwing net
 F - 5 silver javelins
Armour
 b - a +0 leather armour (worn)
 J - a +0 cloak (worn)
Jewellery
 j - a ring of flight (right hand)
 A - a +4 ring of evasion (left hand)
Wands
 g - a wand of digging (3)
 o - a wand of paralysis (2)
 s - a wand of iceblast (8)
Scrolls
 c - 2 scrolls of fog
 d - a scroll of magic mapping
 k - 4 scrolls of summoning
 p - 2 scrolls of fear
 q - 3 scrolls of noise
 w - a scroll of vulnerability
 x - a scroll of teleportation
 y - a scroll of torment {unknown}
 B - a scroll of acquirement {unknown}
 C - a scroll of enchant armour {unknown}
 G - 3 scrolls of identify
 I - a scroll of amnesia {unknown}
Potions
 e - a potion of flight {unknown}
 f - a potion of haste
 i - a potion of attraction {unknown}
 l - a potion of cancellation {unknown}
 m - 2 potions of degeneration {unknown}
 r - a potion of brilliance {unknown}
 t - 2 potions of curing {unknown}
 v - a potion of ambrosia {unknown}
 D - 2 potions of magic {unknown}
 H - 2 potions of lignification {unknown}


   Skills:
 + Level 7.7 Fighting
 + Level 6.1 Short Blades
 + Level 3.9 Long Blades
 + Level 3.9 Axes
 + Level 3.9 Maces & Flails
 + Level 3.9 Polearms
 + Level 3.9 Staves
 + Level 3.9 Ranged Weapons
 + Level 3.9 Throwing
 + Level 3.9 Armour
 + Level 6.1 Dodging
 + Level 10.4 Stealth
 + Level 3.9 Shields
 + Level 3.9 Unarmed Combat
 + Level 3.9 Spellcasting
 + Level 3.2 Conjurations
 + Level 3.2 Hexes
 + Level 3.2 Summonings
 + Level 3.2 Necromancy
 + Level 3.2 Translocations
 + Level 3.2 Transmutations
 + Level 3.2 Fire Magic
 + Level 3.2 Ice Magic
 + Level 3.2 Air Magic
 + Level 3.2 Earth Magic
 + Level 3.2 Poison Magic
 + Level 4.3 Invocations
 + Level 3.9 Evocations


You had 15 spell levels left.
You didn't know any spells.
Your spell library contained the following spells:

 Spells                   Type           Power      Damage    Failure   Level
 Sting                    Tmut/Pois      28%        1d4       9%          1
 Blink                    Tloc           14%        N/A       14%         2
 Poisonous Vapours        Pois/Air       14%        N/A       14%         2
 Frozen Ramparts          Ice            14%        1d3       26%         3
 Lesser Beckoning         Tloc           7%         N/A       26%         3
 Animate Dead             Necr           7%         N/A       65%         4
 Ice Form                 Ice/Tmut       7%         N/A       65%         4
 Olgreb's Toxic Radiance  Pois           7%         N/A       65%         4
 Summon Ice Beast         Ice/Summ       7%         N/A       65%         4
 Alistair's Intoxication  Tmut/Pois      4%         N/A       94%         5
 Borgnjor's Vile Clutch   Necr/Erth      3%         N/A       94%         5
 Manifold Assault         Tloc           7%         N/A       94%         5
 Eringya's Noxious Bog    Tmut/Pois      3%         N/A       100%        6
 Haunt                    Necr/Summ      3%         N/A       100%        7
 Infestation              Necr           3%         N/A       100%        8


Dungeon Overview and Level Annotations

Branches:
Dungeon (6/15)
 Temple: D:4-7

Altars:
Cheibriados
Nemelex Xobeh
Xom

Shops:
D:2 ?

Annotations:
D:4 2 transporters


Innate Abilities, Weirdness & Mutations

You have very sharp teeth.
Your uncanny sense of smell can sniff out nearby items.
Your experience applies equally to all skills.


Message History

You hit something. Something hits you but does no damage.
You closely miss something. Something hits you. Something shocks you.
You miss something. Something closely misses you.
You closely miss something. Your bite misses something. Something hits you.
Something shocks you.
You hit something. You hit something but do no damage.
Something barely misses you.
You barely miss something. Something hits you. Something shocks you.
* * * LOW HITPOINT WARNING * * *
You hit something. Something hits you.
* * * LOW HITPOINT WARNING * * *
Something shocks you.
* * * LOW HITPOINT WARNING * * *
You miss something. Your bite misses something. Something hits you.
* * * LOW HITPOINT WARNING * * *
Something shocks you.
* * * LOW HITPOINT WARNING * * *
As you read the scroll of fear, it crumbles to dust.
You assume a fearsome visage.
Nothing appears to happen.
A sky beast appears from thin air!
Reactivating autopickup.
The sky beast hits you but does no damage.
Unknown command.
You miss the sky beast.
The sky beast is heavily wounded.
You miss the sky beast. Your bite misses the sky beast.
The sky beast is heavily wounded.
The sky beast hits you but does no damage.
Unknown command.
You hit the sky beast.
The sky beast is severely wounded.
The sky beast flickers out of sight!
Deactivating autopickup; reactivate with Ctrl-A.
Something closely misses you.
Unknown command.
As you read the scroll of teleportation, it crumbles to dust.
You feel strangely unstable. Something hits you.
* * * LOW HITPOINT WARNING * * *
Something shocks you.
You die...

#.# #.# #.# #.# ##.# #.#
#..####.# ###....##.# #.
##.....^...# .
##..........####.##
#.................#
#...@.^......####.# #
#...§.{........^# #.# #
#...§.^....^.^..# #l# #
..#.............^###.###
.$#..........^^........#
...............####.#.#
...#.......^^...# #.#.#
..##..^........#####....
.#.(.^....###...>...


There were no monsters in sight!

Vanquished Creatures
  A yak (D:5)
  4 black bears
  An ogre (D:4)
  A phantom (D:3)
  3 scorpions
  3 howler monkeys
  3 hounds (D:5)
  6 orc priests
  3 iguanas
  6 orc wizards
  8 adders
  A shadow imp (D:5)
  A white imp (D:5)
  3 ufetubi (D:5)
  4 dart slugs
  25 orcs
  2 ball pythons
  9 endoplasms
  6 giant cockroaches
  3 goblins
  8 hobgoblins
  7 jackals
  7 kobolds
  5 quokkas
  2 bats
  4 frilled lizards
  6 rats
132 creatures vanquished.

Vanquished Creatures (others)
  2 plants
2 creatures vanquished.

Grand Total: 134 creatures vanquished

Notes
Turn   | Place    | Note
-------+----------+-------------------------------------------
     0 | D:5      | Reached skill level 9 in Stealth
     0 | D:5      | leafyfresh the Gnoll Delver began the quest for the Orb.
     0 | D:5      | Reached XP level 1. HP: 23/23 MP: 1/1
   256 | D:5      | Reached XP level 2. HP: 12/29 MP: 2/2
   542 | D:4      | Noticed a howler monkey
   542 | D:4      | Noticed a howler monkey
   965 | D:2      | Found Paudgh's Magic Scroll Shoppe.
   990 | D:2      | Found a snail-covered altar of Cheibriados.
  1000 | D:2      | Reached XP level 3. HP: 19/35 MP: 3/3
  1265 | D:2      | Reached skill level 1 in Invocations
  1360 | D:2      | Reached skill level 1 in Long Blades
  1360 | D:2      | Reached skill level 1 in Axes
  1360 | D:2      | Reached skill level 1 in Maces & Flails
  1360 | D:2      | Reached skill level 1 in Polearms
  1360 | D:2      | Reached skill level 1 in Staves
  1360 | D:2      | Reached skill level 1 in Ranged Weapons
  1360 | D:2      | Reached skill level 1 in Throwing
  1360 | D:2      | Reached skill level 1 in Armour
  1360 | D:2      | Reached skill level 1 in Shields
  1360 | D:2      | Reached skill level 1 in Unarmed Combat
  1360 | D:2      | Reached skill level 1 in Spellcasting
  1360 | D:2      | Reached skill level 1 in Evocations
  1497 | D:2      | Reached XP level 4. HP: 25/41 MP: 5/5
  1969 | D:2      | Reached skill level 1 in Conjurations
  1969 | D:2      | Reached skill level 1 in Hexes
  1969 | D:2      | Reached skill level 1 in Summonings
  1969 | D:2      | Reached skill level 1 in Necromancy
  1969 | D:2      | Reached skill level 1 in Translocations
  1969 | D:2      | Reached skill level 1 in Transmutations
  1969 | D:2      | Reached skill level 1 in Fire Magic
  1969 | D:2      | Reached skill level 1 in Ice Magic
  1969 | D:2      | Reached skill level 1 in Air Magic
  1969 | D:2      | Reached skill level 1 in Earth Magic
  1969 | D:2      | Reached skill level 1 in Poison Magic
  2697 | D:1      | Found a faded altar of an unknown god.
  3412 | D:3      | Found a shimmering altar of Xom.
  3528 | D:3      | Reached XP level 5. HP: 46/47 MP: 7/7
  3960 | D:4      | Noticed a phantom
  3961 | D:4      | Noticed an ogre
  4267 | D:3      | Reached XP level 6. HP: 42/53 MP: 8/8
  4414 | D:4      | Reached skill level 5 in Short Blades
  4414 | D:4      | Reached skill level 5 in Dodging
  4699 | D:4      | Reached XP level 7. HP: 60/60 MP: 10/10
  4750 | D:4      | Found a transporter.
  4793 | D:4      | Found a transporter.
  4977 | D:4      | Reached skill level 10 in Stealth
  5606 | D:5      | Reached XP level 8. HP: 60/67 MP: 12/12
  6047 | D:5      | Noticed a yak
  6051 | D:5      | Killed a yak
  6413 | D:5      | Found a sparkling altar of Nemelex Xobeh.
  6995 | D:6      | Reached XP level 9. HP: 70/73 MP: 14/14
  7138 | D:6      | Slain by a sky beast

Illustrated notes

Levels and vault maps discovered:
D:1:      nzn_arrival_settlement, layout_loops_ring,
          shapermc_ecumenical_altar_mp_ritualfount
D:2:      layout_basic, serial_shops, shop, basic_altar,
          guppyfry_early_lair_pool
D:3:      layout_loops_ring, lemuel_tele_altar
D:4:      gammafunk_wand_slinger, layout_loops_ring, hangedman_decor_lopped
D:5:      cheibrodos_barr_body, layout_cave_pools, nemelex_spade_bored_becter,
          serial_park_tiny_1, serial_bayou_ford_a,
          chequers_serial_rivers_micro_b
D:6:      wander_river, layout_loops_ring, nicolae_uskayaw_en_pointe,
          nicolae_ru_the_path_less_chosen, minmay_temple_entry_purple_smoke,
          minmay_holes

Skill      XL: |  1  2  3  4  5  6  7  8 |
---------------+-------------------------+-----
Stealth        | 10 | 10.4
Invocations    | 1 2 3 4 |  4.3
Long Blades    | 1 2 3 |  3.9
Axes           | 1 2 3 |  3.9
Maces & Flails | 1 2 3 |  3.9
Polearms       | 1 2 3 |  3.9
Staves         | 1 2 3 |  3.9
Ranged Weapons | 1 2 3 |  3.9
Throwing       | 1 2 3 |  3.9
Armour         | 1 2 3 |  3.9
Shields        | 1 2 3 |  3.9
Unarmed Combat | 1 2 3 |  3.9
Spellcasting   | 1 2 3 |  3.9
Evocations     | 1 2 3 |  3.9
Conjurations   | 1 2 3 |  3.2
Hexes          | 1 2 3 |  3.2
Summonings     | 1 2 3 |  3.2
Necromancy     | 1 2 3 |  3.2
Translocations | 1 2 3 |  3.2
Transmutations | 1 2 3 |  3.2
Fire Magic     | 1 2 3 |  3.2
Ice Magic      | 1 2 3 |  3.2
Air Magic      | 1 2 3 |  3.2
Earth Magic    | 1 2 3 |  3.2
Poison Magic   | 1 2 3 |  3.2
Short Blades   | 5 6 |  6.1
Dodging        | 5 6 |  6.1
Fighting       | 7 |  7.7

Action                   |  1- 3 |  4- 6 |  7- 9 || total
-------------------------+-------+-------+-------++-------
Melee: Short sword       |    88 |   123 |   229 ||   440
       Bite              |     7 |    25 |    16 ||    48
       Punch             |     3 |     2 |     2 ||     7
       Whip              |       |    85 |       ||    85
Throw: Javelin           |       |     1 |       ||     1
Evoke: Wand              |       |       |     3 ||     3
  Use: Scroll            |     1 |       |     6 ||     7
 Stab: Sleeping          |     2 |    22 |    13 ||    37
       Distracted        |       |     1 |       ||     1
Armor: Leather armour    |    16 |    17 |    35 ||    68
Dodge: Dodged            |    43 |   146 |   190 ||   379
